 Dungeon Crawl Stone Soup version 0.29-a0-304-gb34f9e133a (webtiles) character file.

Game seed: 5598659648722527406

90 jt the Chopper (level 4, -4/36 (37) HPs)
             Began as a Palentonga Delver on Mar 26, 2022.
             Was an Initiate of Elyvilon.
             Slain by a necrophage (7 damage)
             ... on level 3 of the Dungeon.
             The game lasted 00:04:25 (942 turns).

jt the Chopper (Palentonga Delver)                   Turns: 942, Time: 00:04:26

HP:   -4/36 (37)    AC:  4    Str: 17    XL:     4   Next: 32%
MP:   4/4           EV:  9    Int: 10    God:    Elyvilon [......]
Gold: 37            SH:  0    Dex: 12    Spells: 3/3 levels left

rFire   . . .      SeeInvis +   a - +0 hand axe
rCold   . . .      Faith    .   (no shield)
rNeg    . . .      Spirit   .   b - +0 leather armour
rPois   .          Reflect  .   (no helmet)
rElec   +          Harm     .   (no cloak)
rCorr   .          Rampage  .   (no gloves)
Will    .....                   (no barding)
Stlth   ++........              (no amulet)
HPRegen 0.12/turn               (no ring)
MPRegen 0.09/turn               (no ring)

@: lightly drained
A: large, rugged brown scales 3, see invisible, deformed body, roll 1, armoured
tail, electricity resistance, noise suppression
a: Rolling Charge, Renounce Religion


You were on level 3 of the Dungeon.
You worshipped Elyvilon.
Elyvilon was noncommittal.
You visited 1 branch of the dungeon, and saw 3 of its levels.

You collected 37 gold pieces.

Inventory:

Hand Weapons
 a - a +0 hand axe (weapon)
 h - a +0 dagger of speed
Missiles
 f - 40 stones
 j - 6 poisoned darts
Armour
 b - a +0 leather armour (worn)
Wands
 g - a wand of digging (3)
Scrolls
 c - a scroll of fog
 d - a scroll of magic mapping


   Skills:
 - Level 3.0 Fighting
 + Level 4.6 Axes
 - Level 1.5 Dodging
 - Level 3.3 Stealth


You had 3 spell levels left.
You didn't know any spells.
Your spell library contained the following spells:

 Spells                   Type           Power      Damage    Failure   Level
 Animate Skeleton         Necr           0%         N/A       43%         1
 Apportation              Tloc           0%         N/A       43%         1
 Summon Small Mammal      Summ           0%         N/A       43%         1


Dungeon Overview and Level Annotations

Branches:
Dungeon (5/15)
 Temple: D:4-7

Altars:
Elyvilon
Fedhas


Innate Abilities, Weirdness & Mutations

You are completely covered in rugged brown scales. (AC +3, +7% HP)
You have supernaturally acute eyesight. (SInv)
Armour fits poorly on your strangely shaped body.
You can roll at nearby foes to attack.
You have a long armoured tail.
You are resistant to electric shocks. (rElec)
You passively dampen the noise of your surroundings.


Message History

You aren't carrying any potions.
You bump into the rock wall.
The necrophage hits you.
The orc wizard hits you with a +0 dagger.
The orc wizard barely misses you.
You are too confused!
Unknown command.
You bump into the rock wall.
The necrophage hits you.
You feel drained. The orc wizard completely misses you.
The orc wizard gestures at you while chanting.
The magic dart hits you!
You hit the orc wizard.
Your tail-slap misses the orc wizard.
The orc wizard is almost dead.
You closely miss the orc wizard. You hit the necrophage.
The necrophage hits you.
The orc wizard gestures at you while chanting.
The puff of flame hits you!
* * * LOW HITPOINT WARNING * * *
The orc wizard gestures wildly while chanting.
The orc wizard flickers and vanishes for a moment.
The orc wizard points at you and mumbles some strange words.
The magic dart hits you.
* * * LOW HITPOINT WARNING * * *
You bump into the rock wall.
You feel less confused. The necrophage hits you.
* * * LOW HITPOINT WARNING * * *
The orc wizard gestures wildly while chanting.
The orc wizard flickers and vanishes for a moment.
The orc wizard gestures at you while chanting.
The magic dart hits you. Elyvilon protects you from harm!
Press: ? - help, v - describe, . - travel
Here: a necrophage (lightly damaged)
The floor, spattered with blood.
You aren't carrying any potions.
Okay, then.
You hit the necrophage but do no damage.
The necrophage is lightly damaged.
The necrophage hits you!
You die...

#†#..#
#####....####..
:...............
######....####..
#######.#..#
#......)...####
#.#####.#......
.##.#####.#......
.......@no....###
#########.o.....#
####)....#.#
....o..>.#.#
.......#.#
####...#...
#.......#
##..#.#.#
#..#.#.#


You could see a necrophage and 2 orc wizards.

Vanquished Creatures
  A hound (D:4)
  An orc wizard (D:4)
  An adder (D:3)
  7 orcs
  2 ball pythons (D:4)
  An endoplasm (D:3)
  A giant cockroach (D:4)
  A hobgoblin (D:4)
  2 kobolds (D:4)
  A quokka (D:4)
  A frilled lizard (D:3)
19 creatures vanquished.

Vanquished Creatures (others)
  11 plants (D:4)
11 creatures vanquished.

Grand Total: 30 creatures vanquished

Notes
Turn   | Place    | Note
-------+----------+-------------------------------------------
     0 | D:5      | jt the Palentonga Delver began the quest for the Orb.
     0 | D:5      | Reached XP level 1. HP: 19/19 MP: 1/1
   157 | D:3      | Noticed an orc wizard
   157 | D:3      | Noticed an orc wizard
   318 | D:4      | Noticed an orc wizard
   338 | D:4      | Killed an orc wizard
   339 | D:4      | Reached skill level 3 in Axes
   339 | D:4      | Reached XP level 2. HP: 19/25 MP: 2/2
   339 | D:4      | Reached XP level 3. HP: 23/31 MP: 3/3
   382 | D:4      | Found a blossoming altar of Fedhas.
   386 | D:4      | Noticed a necrophage
   387 | D:4      | Noticed a necrophage
   528 | D:4      | Found a white marble altar of Elyvilon.
   550 | D:4      | Reached skill level 4 in Axes
   550 | D:4      | Reached XP level 4. HP: 24/37 MP: 4/4
   587 | D:4      | Became a worshipper of Elyvilon the Healer
   932 | D:3      | Noticed a necrophage
   934 | D:3      | Gained mutation: You passively dampen the noise of your
                  | surroundings. [potion of mutation]
   934 | D:3      | Gained mutation: You are resistant to electric shocks.
                  | (rElec) [potion of mutation]
   940 | D:3      | Elyvilon protects you from harm!
   942 | D:3      | Slain by a necrophage

Illustrated notes

Levels and vault maps discovered:
D:3:      layout_basic, lemuel_crystal_altar
D:4:      layout_basic, fedhas_altar_decomposition,
          mainiacjoe_overflow_small_starburst, nicolae_figureground_sparkle
D:5:      layout_basic, nicolae_wu_jian_wuxing_cycle, minmay_temple_entry_arrows

Skill      XL: |  1  2  3 |
---------------+----------+-----
Axes           | 3 4 |  4.6
Fighting       | |  3.0
Dodging        | |  1.5
Stealth        | |  3.3

Action                   |  1- 3 |  4- 6 || total
-------------------------+-------+-------++-------
Melee: Hand axe          |    36 |    17 ||    53
       Tailslap          |     4 |     2 ||     6
       Punch             |     1 |       ||     1
Throw: Dart              |     5 |     2 ||     7
       Stone             |     1 |       ||     1
 Abil: Rolling Charge    |     1 |     7 ||     8
  Use: Scroll            |     1 |     1 ||     2
       Potion            |     1 |     1 ||     2
 Stab: Sleeping          |     2 |       ||     2
Armor: Leather armour    |     9 |     2 ||    11
Dodge: Dodged            |    20 |    11 ||    31

Table legend: (Time is in decaauts)
 A = Elapsed time spent in this place.
 B = Non-inter-level travel time spent in this place.
 C = Inter-level travel time spent in this place.
 D = Time resting spent in this place.
 E = Time spent auto-exploring this place.
 F = Levels seen in this place.
 G = Mean time per level.
                   A        B        C        D        E       F      G
               +--------+--------+--------+--------+--------+-----+--------+
         Total |    930 |    912 |     18 |    391 |     39 |   3 |  310.0 |
       Dungeon |    930 |    912 |     18 |    391 |     39 |   3 |  310.0 |
               +--------+--------+--------+--------+--------+-----+--------+

Top non-repeatable levels by time:
     D:4: 862 daAuts
     D:3: 35 daAuts
     D:5: 33 daAuts
